 Dungeon Crawl Stone Soup version 0.31-a0-354-g827e0957a7 (webtiles) character file.

Game seed: 11867828271167820619

5266 Sabo the Cleaver (level 10, -4/79 HPs)
             Began as a Formicid Fighter on July 23, 2023.
             Was a Believer of Qazlal.
             Killed from afar by a rakshasa (18 damage)
             ... with a lance of force
             ... on level 1 of the Abyss.
             The game lasted 00:47:14 (7799 turns).

Sabo the Cleaver (Formicid Fighter)                 Turns: 7799, Time: 00:47:15

Health: -4/79      AC: 20    Str: 22    XL:     10   Next: 93%
Magic:  10/10      EV: 12    Int:  9    God:    Qazlal [**....]
Gold:   313        SH:  9    Dex: 15    Spells: 9/9 levels left

rFire   + . .        d - +4 broad axe (elec)
rCold   . . .        c - +0 buckler
rNeg    . . .        B - +3 ring mail {rF+}
rPois   .            (helmet unavailable)
rElec   .            n - +2 cloak {Will+}
rCorr   .            l - +0 pair of gloves
SInv    +            u - +1 pair of boots
Will    ++...        (no amulet)
Stlth   ++           k - +4 ring of protection
HPRegen 0.33/turn    (no ring)
MPRegen 0.12/turn

%: no passive effects
@: no status effects
A: permanent stasis, dig shafts and tunnels, antennae 3, four strong arms
a: Dig, Shaft Self, Renounce Religion, Upheaval


You were on level 1 of the Abyss.
You worshipped Qazlal.
Qazlal was pleased with you.
You visited 2 branches of the dungeon, and saw 8 of its levels.
You visited the Abyss 1 time.

You collected 474 gold pieces.
You spent 161 gold pieces at shops.

Inventory:

Hand Weapons
 d - a +4 broad axe of electrocution (weapon)
 m - a +2 war axe of electrocution
 x - a +0 orcbow
 C - a +0 shortbow
Missiles
 e - 32 poisoned darts
 j - 2 atropa-tipped darts
 o - 9 boomerangs
Armour
 c - a +0 buckler (worn)
 l - a +0 pair of gloves (worn)
 n - a +2 cloak of willpower (worn)
 q - +0 swamp dragon scales
 u - a +1 pair of boots (worn)
 B - a +3 ring mail of fire resistance (worn)
Jewellery
 k - a +4 ring of protection (left hand)
Talismans
 b - a beast talisman
 w - a maw talisman
Wands
 g - a wand of polymorph (2)
 r - a wand of flame (50)
Scrolls
 h - 3 scrolls of poison
 z - a scroll of fog
Potions
 i - a potion of enlightenment
 p - 2 potions of lignification
 s - 2 potions of cancellation {unknown}
 t - 2 potions of degeneration {unknown}
 v - a potion of invisibility {unknown}
 A - a potion of attraction {unknown}


   Skills:
 + Level 7.3 Fighting
 + Level 10.8 Axes
 + Level 0.1 Throwing
 + Level 7.2 Armour
 + Level 4.0 Dodging
 + Level 3.2 Stealth
 + Level 8.0 Shields


You had 9 spell levels left.
You didn't know any spells.
Your spell library contained the following spells:

 Spells                   Type           Power      Damage    Failure   Level
 Foxfire                  Conj/Fire      0%         2x1d4     58%         1
 Slow                     Hex            0%         N/A       58%         1
 Confusing Touch          Hex            0%         N/A       91%         3
 Vampiric Draining        Necr           0%         2d6       91%         3
 Plasma Beam              Fire/Air       0%         2x1d10    100%        6
 Starburst                Conj/Fire      0%         6d3       100%        6


Dungeon Overview and Level Annotations

Branches:
Dungeon (7/15)             Temple (1/1) D:6

Altars:
Cheibriados
Dithmenos
Elyvilon
Gozag
Hepliaklqana
Makhleb
Nemelex Xobeh
Okawaru
Qazlal
Ru
Uskayaw
Vehumet
Xom
Yredelemnul
Zin
The Shining One

Shops:
D:3 [   D:6 (


Innate Abilities, Weirdness & Mutations

You cannot be hasted, slowed, berserked, paralysed or teleported.
You can dig through walls and to a lower floor.
You have a pair of large antennae on your head. (SInv)
Your four strong arms can wield two-handed weapons with a shield.


Message History

A rakshasa comes into view. It is wielding a +0 trident.
You feel your health improve.
The rakshasa blinks!
The rakshasa is engulfed in freezing vapours.
You block the rakshasa's attack.
The rakshasa is engulfed in freezing vapours.
The rakshasa hits you but does no damage.
You slash the rakshasa!
The rakshasa is moderately wounded.
You block the rakshasa's attack.
You slash the rakshasa! Lightning courses through the rakshasa!
The rakshasa is heavily wounded.
The injured rakshasa weaves a defensive illusion!
You block the rakshasa's attack.
The rakshasa is engulfed in freezing vapours.
You block the rakshasa's attack.
You slash the rakshasa! Lightning courses through the rakshasa!
You kill the rakshasa!
The rakshasa shimmers and vanishes!
You slash the rakshasa!
The rakshasa is engulfed in freezing vapours.
You kill the rakshasa!
The rakshasa shimmers and vanishes!
You block the rakshasa's attack.
The rakshasa hits you with a +0 trident.
The rakshasa hits you from afar with a +0 trident.
The rakshasa misses you.
You hit the rakshasa but do no damage. Lightning courses through the rakshasa!
The rakshasa is severely wounded.
The rakshasa gestures at you. The lance of force hits you.
You are knocked back by the lance of force.
You slam into the rock wall!
* * * LOW HITPOINT WARNING * * *
Throw: throwing net
Press: ? - help, Q - select action, (/) - cycle Shift-Dir - straight line, f - rakshasa
Aim: a rakshasa, wielding a +0 trident and wearing a +0 robe (severely wounded, 44% to hit)
You throw a throwing net.
The throwing net barely misses the rakshasa.
The rakshasa gestures at you. The lance of force hits you!!
You die...

# #. ###.# #.
. .... #..
#.#.. ..# .#.#
..##..#
##..#.##
#.#.#°.#
#@..R(#### . .
##○§.#...#.##
#.##..##.#.#.#
#....###.....#
##........#.##
## .#.##.. ..
##..#..##.##
##..# .. #. #
#...# #


You could see a rakshasa.

Vanquished Creatures
  A tentacled starspawn (Abyss:1)
  A worldbinder (Abyss:1)
  The ghost of avis the Changeling, a novice DgSh (D:4)
  Maggie (D:6)
  An ancient zyme (Abyss:1)
  Sigmund (D:3)
  A water elemental (Abyss:1)
  A steam dragon (D:7)
  Menkaure (D:6)
  Edmund (D:6)
  The ghost of LeprechaunX the Insei, an amateur OpSh (D:4)
  2 water moccasins (D:7)
  3 orc warriors
  A black bear (D:7)
  2 ice beasts
  An ogre (D:7)
  2 centaurs
  A kobold brigand (D:6)
  2 bullfrogs
  A scorpion (D:7)
  3 wights (D:7)
  2 howler monkeys
  6 hounds
  2 orc priests
  A gnoll bouda (D:7)
  An iron imp (Abyss:1)
  Jessica (D:2)
  3 iguanas
  7 orc wizards
  4 gnolls (D:5)
  2 adders (D:4)
  2 shadow imps (D:6)
  2 white imps
  2 ufetubi
  2 worms
  5 dart slugs
  30 orcs
  5 ball pythons
  7 bats
  5 endoplasms
  A giant cockroach (D:1)
  4 goblins
  5 hobgoblins
  2 jackals (D:1)
  7 kobolds
  2 quokkas (D:4)
  4 frilled lizards
  8 rats
  3 starspawn tentacles (Abyss:1)
154 creatures vanquished.

Vanquished Creatures (others)
  A starspawn tentacle (Abyss:1)
1 creature vanquished.

Grand Total: 155 creatures vanquished

Notes
Turn   | Place    | Note
-------+----------+-------------------------------------------
     0 | D:1      | Sabo the Formicid Fighter began the quest for the Orb.
     0 | D:1      | Reached XP level 1. HP: 18/18 MP: 1/1
   242 | D:1      | Reached XP level 2. HP: 24/24 MP: 2/2
   548 | D:1      | Reached XP level 3. HP: 29/29 MP: 3/3
  1417 | D:2      | Noticed Jessica
  1421 | D:2      | Killed Jessica
  1422 | D:2      | Reached XP level 4. HP: 30/37 MP: 4/4
  2082 | D:3      | Found a faded altar of an unknown god.
  2215 | D:3      | Noticed Sigmund
  2232 | D:3      | Killed Sigmund
  2233 | D:3      | Reached skill level 4 in Axes
  2233 | D:3      | Reached XP level 5. HP: 23/42 MP: 5/5
  2233 | D:3      | Reached XP level 6. HP: 26/48 MP: 6/6
  2378 | D:3      | Reached skill level 5 in Shields
  2379 | D:3      | Found Rurchulic's Armour Shop.
  2499 | D:3      | Found a sacrificial altar of Ru.
  2505 | D:3      | Reached skill level 1 in Stealth
  2781 | D:3      | Bought a +0 cloak of willpower for 161 gold pieces
  3004 | D:4      | Reached XP level 7. HP: 28/54 MP: 7/7
  3390 | D:4      | Reached skill level 5 in Armour
  3486 | D:4      | Found a runed translucent gate.
  3487 | D:4      | Found a runed translucent gate.
  3488 | D:4      | Found a runed translucent gate.
  3489 | D:4      | Noticed LeprechaunX's ghost (amateur OpSh)
  3489 | D:4      | Noticed avis's ghost (novice DgSh)
  3902 | D:5      | Entered Level 5 of the Dungeon
  4072 | D:5      | Reached skill level 5 in Axes
  4072 | D:5      | Reached skill level 1 in Dodging
  4721 | D:4      | Killed LeprechaunX's ghost
  4722 | D:4      | Reached skill level 6 in Axes
  4722 | D:4      | Reached XP level 8. HP: 50/61 MP: 8/8
  4728 | D:4      | Killed avis's ghost
  4729 | D:4      | Reached skill level 5 in Fighting
  5041 | D:6      | Noticed Maggie
  5042 | D:6      | Reached skill level 7 in Axes
  5058 | D:6      | Killed Maggie
  5059 | D:6      | Reached XP level 9. HP: 47/68 MP: 9/9
  5148 | D:6      | Found a staircase to the Ecumenical Temple.
  5167 | Temple   | Entered the Ecumenical Temple
  5193 | Temple   | Became a worshipper of Qazlal Stormbringer
  5385 | D:6      | Noticed Edmund
  5403 | D:6      | Killed Edmund
  5404 | D:6      | Reached skill level 8 in Axes
  5485 | D:6      | Noticed Menkaure
  5493 | D:6      | Killed Menkaure
  5776 | D:6      | Found a runed translucent door.
  5888 | D:6      | Found Isishrae's Antique Weapon Boutique.
  6278 | D:6      | Reached * piety under Qazlal
  6489 | D:6      | Identified a scroll of acquirement
  6489 | D:6      | Acquired a +4 broad axe of electrocution
  6932 | D:7      | Reached skill level 9 in Axes
  6936 | D:7      | Reached XP level 10. HP: 77/77 MP: 10/10
  7258 | D:7      | Found a sparkling altar of Nemelex Xobeh.
  7589 | Abyss:1  | Cast into level 1 of the Abyss (orc warrior)
  7682 | Abyss:1  | Noticed a tentacled starspawn
  7692 | Abyss:1  | Killed a tentacled starspawn
  7693 | Abyss:1  | Reached skill level 10 in Axes
  7729 | Abyss:1  | Noticed a worldbinder
  7730 | Abyss:1  | Noticed a deep elf pyromancer
  7730 | Abyss:1  | Noticed a deep elf zephyrmancer
  7730 | Abyss:1  | Noticed a deep elf pyromancer
  7738 | Abyss:1  | Noticed a deep elf zephyrmancer
  7738 | Abyss:1  | Noticed a deep elf zephyrmancer
  7739 | Abyss:1  | Noticed a deep elf zephyrmancer
  7747 | Abyss:1  | Noticed a deep elf knight
  7747 | Abyss:1  | Noticed a deep elf pyromancer
  7747 | Abyss:1  | Noticed a deep elf pyromancer
  7747 | Abyss:1  | Reached ** piety under Qazlal
  7749 | Abyss:1  | Killed a worldbinder
  7784 | Abyss:1  | Noticed a rakshasa
  7799 | Abyss:1  | Killed from afar by a rakshasa

Illustrated notes

Levels and vault maps discovered:
D:1:      dpeg_arrival_boxorama, layout_basic
D:2:      layout_loops_ring, uniq_jessica
D:3:      layout_basic, nicolae_ru_great_annihilating_truth, serial_shops,
          nicolae_shop_statue_plus, dreamdust_ecumenical_altar_statues,
          uniq_sigmund
D:4:      layout_basic, gammafunk_ghost_cemetery
D:5:      layout_loops_ring
D:6:      layout_basic, minmay_temple_entry_ruins, serial_shops, shop,
          chequers_jeans, lightli_church_of_beogh, uniq_maggie, uniq_edmund,
          uniq_menkaure
D:7:      minmay_spotlight, layout_basic, nicolae_ashenzari_panopticon,
          nemelex_diamond_rough_becter, overflow_temple_1_default,
          minmay_checkerbox
Temple:   jpeg_temple_clearing
Abyss:1:  base: D:4, evilmike_abyss_exit_16

Skill      XL: |  1  2  3  4  5  6  7  8  9 10 |
---------------+-------------------------------+-----
Armour         | 4 5 6 7 |  7.2
Axes           | 4 6 7 9 10 | 10.8
Shields        | 5 6 7 8 |  8.0
Fighting       | 4 5 6 7 |  7.3
Stealth        | 1 2 3 |  3.2
Dodging        | 1 2 4 |  4.0
Throwing       | |  0.1

Action                     |  1- 3 |  4- 6 |  7- 9 | 10-12 || total
---------------------------+-------+-------+-------+-------++-------
  Melee: War axe           |    67 |    74 |   217 |       ||   358
         Broad axe         |       |       |    22 |    58 ||    80
  Throw: Boomerang         |       |       |     1 |       ||     1
         Throwing net      |       |       |       |     1 ||     1
    Use: Scroll            |     3 |     4 |    10 |     1 ||    18
         Potion            |       |       |     2 |     2 ||     4
   Stab: Paralysed         |       |     1 |       |       ||     1
 Armour: Scale mail        |    20 |       |       |       ||    20
         Chain mail        |    12 |    42 |    59 |       ||   113
         Ring mail         |       |       |    54 |    41 ||    95
         Swamp dragon scal |       |       |     8 |       ||     8
  Dodge: Dodged            |    29 |    26 |    97 |    45 ||   197
  Block: Buckler           |    10 |    19 |    75 |    30 ||   134
         Form:             |       |       |       |     1 ||     1
         Maw               |       |       |       |     1 ||     1

Table legend: (Time is in decaauts)
 A = Elapsed time spent in this place.
 B = Non-inter-level travel time spent in this place.
 C = Inter-level travel time spent in this place.
 D = Time resting spent in this place.
 E = Time spent auto-exploring this place.
 F = Levels seen in this place.
 G = Mean time per level.
                   A        B        C        D        E       F      G
               +--------+--------+--------+--------+--------+-----+--------+
         Total |   7903 |   7903 |      0 |   1077 |      0 |   9 |  878.1 |
       Dungeon |   7636 |   7636 |      0 |   1077 |      0 |   7 | 1090.9 |
        Temple |     54 |     54 |      0 |      0 |      0 |   1 |   54.0 |
         Abyss |    212 |    212 |      0 |      0 |      0 |   1 |  212.0 |
               +--------+--------+--------+--------+--------+-----+--------+

Top non-repeatable levels by time:
     D:6: 1670 daAuts
     D:4: 1311 daAuts
     D:1: 1248 daAuts
     D:7: 967 daAuts
     D:2: 835 daAuts
     D:5: 826 daAuts
     D:3: 777 daAuts
 Abyss:1: 212 daAuts
  Temple: 54 daAuts
